 Dungeon Crawl Stone Soup version 0.31-a0-702-gf82c85558f (webtiles) character file.

Game seed: 15385267895920545231

410 qw the Shooter (level 6, 0/37 HPs)
             Began as a Gargoyle Hunter on Sept 8, 2023.
             Slain by Pikel
             ... wielding a +0 whip of freezing
              (6 damage)
             ... on level 4 of the Dungeon.
             The game lasted 00:01:11 (2747 turns).

qw the Shooter (Gargoyle Hunter)                    Turns: 2747, Time: 00:01:11

Health: 0/37       AC: 11    Str: 15    XL:     6   Next: 89%
Magic:  6/6        EV: 11    Int:  9    God:
Gold:   183        SH:  0    Dex: 15    Spells: 5/5 levels left

rFire   . . .        Y - +0 shortbow
rCold   . . .        (shield currently unavailable)
rNeg    + . .        g - +0 ring mail
rPois   inf          (no helmet)
rElec   +            (no cloak)
rCorr   .            f - +0 pair of gloves
SInv    .            (no boots)
Will    .....        b - amulet of the acrobat
Stlth   +            (no ring)
HPRegen 0.26/turn    (no ring)
MPRegen 0.10/turn

%: acrobat
@: no status effects
A: sickness immunity, AC +4, negative energy resistance 1, electricity
resistance, torment resistance 1, petrification resistance
a: no special abilities


You were on level 4 of the Dungeon.
You visited 1 branch of the dungeon, and saw 4 of its levels.

You collected 183 gold pieces.


Innate Abilities, Weirdness & Mutations

You are immune to sickness and miasma.
Your stone body is resilient. (AC +4)
You are immune to poison.
You resist negative energy. (rN+)
You are resistant to electric shocks. (rElec)
You are resistant to unholy torment.
You are immune to petrification.


   Skills:
 + Level 3.0 Fighting
 - Level 6.1 Ranged Weapons
 - Level 5.0 Armour
 - Level 1.5 Dodging
 - Level 1.1 Stealth


You had 5 spell levels left.
You didn't know any spells.
Your spell library was empty.

Inventory:

Hand Weapons
 Y - a +0 shortbow (weapon)
Armour
 f - a +0 pair of gloves (worn)
 g - a +0 ring mail (worn)
 i - a +0 cloak
Jewellery
 b - an amulet of the acrobat (around neck)
Scrolls
 j - 2 scrolls of identify
 l - a scroll of poison {unknown}
Potions
 a - a potion of mutation {unknown}
 c - a potion of curing
 d - a potion of might {unknown}
 e - a potion of heal wounds {unknown}
 h - a potion of brilliance {unknown}
 k - a potion of invisibility {unknown}

Dungeon Overview and Level Annotations

Branches:
Dungeon (4/15)
 Temple: D:4-7

Altars:

Annotations:
D:4 Pikel


Message History

Pikel is moderately wounded.
Pikel hits you but does no damage.
You shoot an arrow.
The arrow hits Pikel but does no damage.
Pikel is moderately wounded.
Pikel hits you but does no damage.
Pikel says, "You'll make a fine lemure."
Pikel barely misses you.
You shoot an arrow.
The arrow hits Pikel but does no damage.
Pikel is moderately wounded.
Pikel hits you with a +0 whip of freezing.
Pikel freezes you.
You shoot an arrow. The arrow barely misses Pikel.
The arrow closely misses the lemure.
Pikel closely misses you.
You shoot an arrow.
The arrow hits Pikel but does no damage.
Pikel is moderately wounded.
Pikel hits you with a +0 whip of freezing.
Pikel freezes you.
You shoot an arrow.
The arrow hits Pikel but does no damage.
Pikel is moderately wounded.
Pikel hits you with a +0 whip of freezing.
Pikel freezes you.
You shoot an arrow. The arrow hits Pikel.
Pikel is moderately wounded.
Pikel barely misses you.
Pikel says, "You'll feel the lick of my whip!"
Pikel hits you but does no damage.
You shoot an arrow. The arrow hits Pikel.
Pikel is heavily wounded.
Pikel hits you with a +0 whip of freezing.
Pikel freezes you.
You shoot an arrow. The arrow hits Pikel!
Pikel is severely wounded.
Pikel hits you with a +0 whip of freezing.
You die...
Pikel says, "Another soul for the market."

# #.# #........##.#
# #.# #######5.##.#
# #.# ### #..##.#
#### #.#
##.####.5...# K..#
#.# #.#.......###
##.# #<# ##.#####..#
...# #.# #.# #..#
#..#
#.####.#####..#.#
#.##
#.........@K5..# #.#
#####..#####........
#. #..# #...##### K.
#..# #...#
#..#####...#
#......#..<########
#>####.#..........#
#.# #.##..######.#
#.# #.##..# #.#


You could see Pikel and a lemure.

Vanquished Creatures
  Sigmund (D:2)
  An ogre (D:4)
  3 lemures (D:4)
  A scorpion (D:4)
  3 adders (D:3)
  2 worms
  2 dart slugs
  6 orcs (D:3)
  8 endoplasms
  3 goblins
  3 hobgoblins
  7 jackals
  6 ball pythons
  6 bats
  3 frilled lizards
  8 kobolds
  A rat (D:2)
64 creatures vanquished.

Notes
Turn   | Place    | Note
-------+----------+-------------------------------------------
     0 | D:1      | qw the Gargoyle Hunter began the quest for the Orb.
     0 | D:1      | Reached XP level 1. HP: 12/12 MP: 1/1
     0 | D:1      | 0 ||| qw: Version: 0.3-a-76-g4403597
     0 | D:1      | 0 ||| qw: Game counter: 930
     0 | D:1      | 0 ||| qw: Melee chars always use a shield: true
     0 | D:1      | 0 ||| qw: God list: Okawaru
     0 | D:1      | 0 ||| qw: Allow faded altars: false
     0 | D:1      | 0 ||| qw: Do Orc after clearing Dungeon:15 true
     0 | D:1      | 0 ||| qw: Do second Lair branch before Depths: true
     0 | D:1      | 0 ||| qw: Lair rune preference: random
     0 | D:1      | 0 ||| qw: Goals: Normal
     0 | D:1      | 0 ||| PLANNING D:1-11
   510 | D:1      | Reached XP level 2. HP: 17/17 MP: 2/2
   788 | D:1      | 788 ||| UPGRADING to +0 pair of gloves.
   793 | D:1      | 793 ||| UPGRADING to +0 ring mail.
   803 | D:1      | 803 ||| DROPPING +0 leather armour.
   804 | D:1      | 804 ||| READING scroll labelled CAUNUT ORROIV.
   805 | D:1      | 805 ||| READING scroll labelled ELIESO OMPY.
   806 | D:1      | 806 ||| READING scroll labelled POIGIT KYUJO.
   807 | D:1      | 807 ||| READING scroll labelled LOXKUL BOLI.
   811 | D:1      | 811 ||| DROPPING scroll of butterflies.
   838 | D:2      | Noticed Sigmund
   870 | D:2      | Killed Sigmund
   871 | D:2      | Reached XP level 3. HP: 7/21 MP: 3/3
   871 | D:2      | Reached XP level 4. HP: 8/26 MP: 4/4
   871 | D:2      | Reached XP level 5. HP: 10/30 MP: 5/5
  1192 | D:2      | Found a faded altar of an unknown god.
  1530 | D:2      | 1530 ||| UPGRADING to amulet of the acrobat.
  1535 | D:2      | 1535 ||| DRINKING 2 dark potions.
  1536 | D:2      | 1536 ||| DROPPING potion of attraction.
  1709 | D:3      | Reached skill level 5 in Ranged Weapons
  1724 | D:3      | Reached XP level 6. HP: 36/36 MP: 6/6
  1860 | D:3      | Reached skill level 3 in Fighting
  1998 | D:3      | 1998 ||| READING 3 scrolls of identify.
  1998 | D:3      | 1998 ||| IDENTIFYING viscous yellow potion
  1999 | D:3      | 1999 ||| READING 2 scrolls of identify.
  1999 | D:3      | 1999 ||| IDENTIFYING black potion
  2000 | D:3      | 2000 ||| DROPPING potion of lignification.
  2130 | D:4      | HP: 9/37 [phantom (6)]
  2131 | D:4      | 2131 ||| READING 2 scrolls of teleportation.
  2359 | D:4      | Noticed Pikel
  2360 | D:4      | 2360 ||| RETREATING.
  2365 | D:4      | 2365 ||| Stepping ~*~*~tactically~*~*~ (retreating).
  2368 | D:4      | 2368 ||| Stepping ~*~*~tactically~*~*~ (retreating).
  2387 | D:4      | HP: 9/37 [Pikel/+0 whip of freezing (1)]
  2388 | D:4      | 2388 ||| READING scroll of teleportation.
  2508 | D:4      | HP: 3/37 [ogre/+0 giant club (9)]
  2512 | D:4      | HP: 1/37 [ogre/+0 giant club (3)]
  2514 | D:4      | Reached skill level 6 in Ranged Weapons
  2730 | D:4      | 2730 ||| RETREATING.
  2732 | D:4      | 2732 ||| Stepping ~*~*~tactically~*~*~ (retreating).
  2746 | D:4      | HP: 8/37 [Pikel/+0 whip of freezing (5)]
  2747 | D:4      | Slain by Pikel

Levels and vault maps discovered:
D:1:      noname_arrival_rooms_in_the_neighbourhood, layout_loops_corners,
          dreamdust_mushroom_princess, minmay_pentomino_r4
D:2:      layout_loops_cross, hellmonk_ecumenical_altar_crossroads,
          nrook_loot_triangle, uniq_sigmund
D:3:      layout_rooms, chequers_arboretum
D:4:      layout_loops_ring, lemuel_tele_altar, kennysheep_diamond, uniq_pikel

Skill      XL: |  1  2  3  4  5  6 |
---------------+-------------------+-----
Armour         | 5 |  5.0
Ranged Weapons | 5 6 |  6.1
Fighting       | 3 |  3.0
Dodging        | |  1.5
Stealth        | |  1.1

Action                     |  1- 3 |  4- 6 || total
---------------------------+-------+-------++-------
   Fire: Shortbow          |    37 |   271 ||   308
    Use: Scroll            |     4 |     4 ||     8
         Potion            |       |     1 ||     1
 Armour: Ring mail         |    13 |   138 ||   151
  Dodge: Dodged            |    13 |    90 ||   103

Table legend:
 A = Non-vault XP
 B = Vault XP
 C = Vault XP percentage of total XP
 D = Non-vault monster count
 E = Vault monster count
 F = Vault count percentage of total count
                 A         B        C        D         E       F
            +---------+---------+-------+---------+---------+-------
      Total |     358 |     229 |  39.0 |      58 |       3 |   4.9
            +---------+---------+-------+---------+---------+-------
        D:1 |      15 |       3 |  16.7 |       8 |       2 |  20.0
        D:2 |      28 |     226 |  89.0 |      14 |       1 |   6.7
        D:3 |      87 |       0 |   0.0 |      24 |       0 |   0.0
        D:4 |     228 |       0 |   0.0 |      12 |       0 |   0.0
            +---------+---------+-------+---------+---------+-------
